WCHLSIM.com - West Coast Hockey League
Dernière mise à jour: 2025-12-07 16:11:59
html PUBLIC "-//W3C//DTD XHTML 1.0 Transitional//EN" "http://www.w3.org/TR/xhtml1/DTD/xhtml1-transitional.dtd"> WCHL - Game 824 - VANCOUVER VOODOO vs TEXAS TOROS

VANCOUVER VOODOO vs TEXAS TOROS

Created - 10 février 2025 at 11:29

Goals
1 2 3 T
VANCOUVER VOODOO 0 1 1 2
TEXAS TOROS 0 0 0 0
Shots
1 2 3 T
VANCOUVER VOODOO 9 13 9 31
TEXAS TOROS 7 3 10 20

1st period

No Goal

Penalties :
Isaak Phillips (TEX) for Hooking (Minor) at 3:11, Damon Severson (VAN) for Roughing (Minor) at 14:56, Ryan Poehling (TEX) for Tripping (Minor) at 19:33

2nd period

1. VANCOUVER VOODOO , Nick Bonino 8 (Damon Severson 14) at 11:50

Penalties :
Declan Chisholm (TEX) for Hooking (Minor) at 3:23, Tyson Foerster (TEX) for High sticking (Minor) at 11:52, Philip Broberg (TEX) for Hooking (Minor) at 14:18

3rd period

2. VANCOUVER VOODOO , Jordan Greenway 5 (Cameron York 16) at 19:45 (Empty Net)

Penalties :
Torey Krug (VAN) for Hooking (Minor) at 10:29, Joe Pavelski (VAN) for Hooking (Minor) at 15:52

Goalie Stats

Filip Gustavsson (VAN), 20 saves from 20 shots - (1,000), W, 18-14-4, 60:00 minutes
Adin Hill (TEX), 29 saves from 30 shots - (0,967), L, 5-13-6, 59:16 minutes

Players Stats for VANCOUVER VOODOO

Player Name              G  A  P  +/- PIM S  H  SB GA TA FO     MP     PP MP  PK MP  
------------------------------------------------------------------------------------
Aaron Ekblad             0  0  0   1  0   2  0  1  0  0  0/0    23:19   5:15   2:30 
Alex Newhook             0  0  0   0  0   0  0  0  0  0  8/9     5:54   0:00   0:03 
Cameron York             0  1  1   1  0   0  0  2  0  0  0/0    19:03   5:49   1:08 
Chris Tanev              0  0  0   1  0   1  1  0  0  0  0/0    19:30   0:08   2:30 
Connor McMichael         0  0  0   0  0   1  1  0  0  0  8/15   13:15   0:00   0:00 
Damon Severson           0  1  1   1  2   0  0  0  0  0  0/0    19:24   4:32   0:31 
Jared McCann             0  0  0   0  0   2  0  0  0  0  2/6    18:23   5:08   0:00 
Joe Pavelski             0  0  0   0  2   3  1  1  0  0  1/1    18:01   4:47   0:00 
Jonathan Drouin          0  0  0   0  0   6  0  0  0  0  0/1    19:16   5:08   0:00 
Jordan Greenway          1  0  1   2  0   4  4  0  0  0  0/2    12:53   0:00   1:59 
Nick Bonino              1  0  1   2  0   1  0  1  0  0  8/11   14:10   0:00   3:16 
Nicolas Roy              0  0  0   1  0   4  2  0  0  0  2/2    12:29   0:00   1:59 
Noel Acciari             0  0  0   1  0   0  2  0  0  0  1/1     9:52   0:00   3:37 
Owen Tippett             0  0  0   0  0   0  0  0  0  0  0/0    10:59   5:08   0:00 
Radko Gudas              0  0  0   0  0   0  3  0  0  0  0/0    17:23   0:00   3:11 
Rickard Rakell           0  0  0   0  0   1  0  0  0  0  0/0    18:55   4:47   0:00 
Torey Krug               0  0  0   0  2   0  0  1  0  0  0/0    21:19   4:06   2:04 
William Karlsson         0  0  0   0  0   6  0  0  0  0  15/21  19:55   4:47   1:00 

Players Stats for TEXAS TOROS

Player Name              G  A  P  +/- PIM S  H  SB GA TA FO     MP     PP MP  PK MP  
------------------------------------------------------------------------------------
Bobby Brink              0  0  0   0  0   0  2  0  0  0  0/2     8:02   0:00   0:00 
Danton Heinen            0  0  0  -1  0   2  1  0  0  0  1/17   15:40   3:08   3:56 
Declan Chisholm          0  0  0  -1  2   0  2  1  0  0  0/0    19:01   0:16   2:57 
Dougie Hamilton          0  0  0   0  0   1  2  0  0  0  0/0    14:40   0:00   0:45 
Isaak Phillips           0  0  0   0  2   1  4  0  0  0  0/0    17:43   2:41   2:27 
Kevin Hayes              0  0  0   0  0   0  1  0  0  0  2/2     7:36   0:00   0:00 
Logan Cooley             0  0  0  -1  0   4  1  0  0  0  8/22   22:58   2:49   3:56 
Miles Wood               0  0  0   0  0   1  1  0  0  0  0/0    14:01   0:00   5:59 
Nate Schmidt             0  0  0  -1  0   0  1  1  0  0  0/0    22:33   3:00   5:06 
Owen Power               0  0  0  -1  0   1  0  2  0  0  0/0    24:58   2:41   4:17 
Philip Broberg           0  0  0  -1  2   2  0  0  0  0  0/0    21:02   3:16   4:18 
Ryan Poehling            0  0  0  -1  2   3  1  1  0  0  10/20  19:40   2:49   4:35 
Taylor Raddysh           0  0  0  -1  0   0  0  0  0  0  1/1    16:13   0:00   0:00 
Trevor Zegras            0  0  0   0  0   0  1  0  0  0  0/0     7:36   0:00   0:00 
Troy Terry               0  0  0   0  0   2  1  0  0  0  0/0    18:28   2:49   0:00 
Tyson Foerster           0  0  0  -1  2   3  1  0  0  0  0/2    15:24   3:08   0:00 
William Smith            0  0  0   0  0   0  0  0  0  0  2/3     9:00   0:00   1:24 
Yegor Chinakhov          0  0  0  -1  0   0  0  0  0  0  0/0    15:25   3:08   0:00 

3 Stars

1 - Filip Gustavsson (VAN)
2 - Jordan Greenway (VAN)
3 - Adin Hill (TEX)

Power Play

VANCOUVER VOODOO - 0 on 5 Attempt(s) - 0,00%
TEXAS TOROS - 0 on 3 Attempt(s) - 0,00%

Penalty Kill

VANCOUVER VOODOO - 3 on 3 Attempt(s) - 100,00% - Score 0 goal in Penalty Kill
TEXAS TOROS - 5 on 5 Attempt(s) - 100,00% - Score 0 goal in Penalty Kill

Team Stat

VANCOUVER VOODOO - Hits : 14 - Faceoff Wins : 45 - Blocked Shots : 6 - Penalty Minutes : 6
TEXAS TOROS - Hits : 19 - Faceoff Wins : 24 - Blocked Shots : 5 - Penalty Minutes : 10

Official

Referees : Conor O'Donnell and Brad Meier
Linesman : Andrew Smith and Ryan Daisy

Game Notes

Jordan Greenway has scored in a empty net!

Finance

Level 1 -- Attendance: 4834 (74,37%) -- Ticket Income 821 780 $
Level 2 -- Attendance: 4154 (75,53%) -- Ticket Income 498 480 $
Level 3 -- Attendance: 2396 (79,87%) -- Ticket Income 215 640 $
Level 4 -- Attendance: 4267 (85,34%) -- Ticket Income 256 020 $
Luxury Box -- Attendance: 721 (72,10%) -- Ticket Income 288 400 $
Game was played at the Red Bull Arena.
Total Attendance: 16372 (77,96%)
Total Ticket Income: 2 080 320 $
Other Expense: 20 803 $
Total Income: 2 059 517 $

VANCOUVER VOODOO

5 vs 5 Forward 
   Center                   Left Wing                Right Wing               Time % Phy DF OF 
 1 William Karlsson         Jonathan Drouin          Rickard Rakell           35     1   1  3  
 2 Connor McMichael         Jared McCann             Joe Pavelski             33     1   2  2  
 3 Nick Bonino              Jordan Greenway          Nicolas Roy              22     1   2  2  
 4 Alex Newhook             Owen Tippett             Noel Acciari             10     2   2  1  

5 vs 5 Defense 
   Defense                  Defense                                           Time % Phy DF OF 
 1 Torey Krug               Aaron Ekblad                                      37     1   1  3  
 2 Chris Tanev              Damon Severson                                    36     1   2  2  
 3 Cameron York             Radko Gudas                                       27     1   3  1  
 4 Radko Gudas              Chris Tanev                                       0      1   2  2  

PowerPlay Forward 
   Center                   Left Wing                Right Wing               Time % Phy DF OF 
 1 William Karlsson         Rickard Rakell           Joe Pavelski             53     1   0  4  
 2 Jared McCann             Jonathan Drouin          Owen Tippett             47     1   1  3  

PowerPlay Defense
   Defense                  Defense                                           Time % Phy DF OF 
 1 Damon Severson           Torey Krug                                        56     1   1  3  
 2 Aaron Ekblad             Cameron York                                      44     1   2  2  

Penalty Kill 4 Players Forward 
   Center                   Wing                     Time % Phy DF OF 
 1 Nick Bonino              Noel Acciari             60     1   4  0  
 2 Nicolas Roy              Jordan Greenway          40     2   2  1  

Penalty Kill 4 Players Defense
   Defense                  Defense                  Time % Phy DF OF 
 1 Aaron Ekblad             Chris Tanev              53     2   3  0  
 2 Radko Gudas              Torey Krug               47     1   3  1  

Penalty Kill - 3 Players Forward 
   Forward                                           Time % Phy DF OF 
 1 Nick Bonino                                       55     1   4  0  
 2 William Karlsson                                  45     2   3  0  

Penalty Kill - 3 Players Defense
   Defense                  Defense                  Time % Phy DF OF 
 1 Aaron Ekblad             Chris Tanev              52     1   4  0  
 2 Radko Gudas              Torey Krug               48     1   3  1  

4 vs 4 Forward 
   Center                   Wing                     Time % Phy DF OF 
 1 Connor McMichael         Noel Acciari             51     1   2  2  
 2 Joe Pavelski             Jared McCann             49     2   1  2  

4 vs 4 Defense
   Defense                  Defense                  Time % Phy DF OF 
 1 Aaron Ekblad             Torey Krug               52     1   2  2  
 2 Radko Gudas              Cameron York             48     1   2  2  

Last Minutes Offensive
   Center                   Left Wing                Right Wing               Defense                  Defense                  
   William Karlsson         Jared McCann             Joe Pavelski             Torey Krug               Aaron Ekblad             

Last Minutes Defensive
   Center                   Left Wing                Right Wing               Defense                  Defense                  
   Nick Bonino              Jordan Greenway          Noel Acciari             Chris Tanev              Cameron York             

Goaltenders
Starting : Filip Gustavsson         
Backup : Samuel Montembeault      

Extra Forwards
Normal : Connor McMichael, Alex Newhook, Jordan Greenway - PP : Alex Newhook, Owen Tippett - PK : William Karlsson
Extra Defensemen
Normal : Cameron York, Chris Tanev, Aaron Ekblad - PP : Torey Krug - PK : Cameron York, Damon Severson
Penalty Shots
Jared McCann, Joe Pavelski, William Karlsson, Owen Tippett, Jonathan Drouin
Custom OT Lines Forwards
William Karlsson, Joe Pavelski, Rickard Rakell, Jared McCann, Jonathan Drouin, Owen Tippett, Connor McMichael, Alex Newhook, Jordan Greenway, Nicolas Roy
Custom OT Lines Defensemen
Torey Krug, Aaron Ekblad, Damon Severson, Radko Gudas, Chris Tanev

Scratches
Jack McBain (Healthy), Kirby Dach (Healthy)

TEXAS TOROS

5 vs 5 Forward 
   Center                   Left Wing                Right Wing               Time % Phy DF OF 
 1 Logan Cooley             Troy Terry               Taylor Raddysh           36     1   2  2  
 2 Ryan Poehling            Yegor Chinakhov          Tyson Foerster           31     1   2  2  
 3 Danton Heinen            Miles Wood               Bobby Brink              23     1   2  2  
 4 Kevin Hayes              Trevor Zegras            William Smith            10     1   2  2  

5 vs 5 Defense 
   Defense                  Defense                                           Time % Phy DF OF 
 1 Owen Power               Declan Chisholm                                   36     1   2  2  
 2 Nate Schmidt             Philip Broberg                                    31     1   2  2  
 3 Isaak Phillips           Dougie Hamilton                                   23     1   2  2  
 4 Owen Power               Nate Schmidt                                      10     1   2  2  

PowerPlay Forward 
   Center                   Left Wing                Right Wing               Time % Phy DF OF 
 1 Logan Cooley             Troy Terry               Ryan Poehling            55     1   2  2  
 2 Danton Heinen            Yegor Chinakhov          Tyson Foerster           45     1   2  2  

PowerPlay Defense
   Defense                  Defense                                           Time % Phy DF OF 
 1 Owen Power               Isaak Phillips                                    55     1   2  2  
 2 Nate Schmidt             Philip Broberg                                    45     1   2  2  

Penalty Kill 4 Players Forward 
   Center                   Wing                     Time % Phy DF OF 
 1 Ryan Poehling            Miles Wood               55     1   2  2  
 2 Danton Heinen            Logan Cooley             45     1   2  2  

Penalty Kill 4 Players Defense
   Defense                  Defense                  Time % Phy DF OF 
 1 Owen Power               Declan Chisholm          55     1   2  2  
 2 Nate Schmidt             Philip Broberg           45     1   2  2  

Penalty Kill - 3 Players Forward 
   Forward                                           Time % Phy DF OF 
 1 Ryan Poehling                                     55     1   2  2  
 2 Logan Cooley                                      45     1   2  2  

Penalty Kill - 3 Players Defense
   Defense                  Defense                  Time % Phy DF OF 
 1 Owen Power               Isaak Phillips           55     1   2  2  
 2 Nate Schmidt             Philip Broberg           45     1   2  2  

4 vs 4 Forward 
   Center                   Wing                     Time % Phy DF OF 
 1 Logan Cooley             Danton Heinen            55     1   2  2  
 2 Ryan Poehling            Troy Terry               45     1   2  2  

4 vs 4 Defense
   Defense                  Defense                  Time % Phy DF OF 
 1 Owen Power               Declan Chisholm          55     1   2  2  
 2 Nate Schmidt             Philip Broberg           45     1   2  2  

Last Minutes Offensive
   Center                   Left Wing                Right Wing               Defense                  Defense                  
   Logan Cooley             Danton Heinen            Taylor Raddysh           Owen Power               Declan Chisholm          

Last Minutes Defensive
   Center                   Left Wing                Right Wing               Defense                  Defense                  
   Logan Cooley             Danton Heinen            Taylor Raddysh           Owen Power               Declan Chisholm          

Goaltenders
Starting : Adin Hill                
Backup : Philipp Grubauer         

Extra Forwards
Normal : Trevor Zegras, Kevin Hayes, Miles Wood - PP : Trevor Zegras, Kevin Hayes - PK : Miles Wood
Extra Defensemen
Normal : Isaak Phillips, Owen Power, Nate Schmidt - PP : Isaak Phillips - PK : Owen Power, Nate Schmidt
Penalty Shots
Danton Heinen, Logan Cooley, Troy Terry, Ryan Poehling, Kevin Hayes
Custom OT Lines Forwards
Taylor Raddysh, Logan Cooley, Troy Terry, Ryan Poehling, Kevin Hayes, Danton Heinen, Tyson Foerster, Yegor Chinakhov, Miles Wood, Trevor Zegras
Custom OT Lines Defensemen
Owen Power, Declan Chisholm, Nate Schmidt, Philip Broberg, Isaak Phillips

Scratches
Brandon Duhaime (Healthy), Patrick Kane (Sprained Right Ankle Injury), Matthew Kessel (Fractured Bone in Left Hand Injury), Mikhail Sergachev (Sports Hernia Injury), Philippe Myers (Healthy)
Tyson Barrie (Healthy)

% Time on Ice - VANCOUVER VOODOO

Lines # - Real PCT - Wanted PCT - Time Play
Normal Forward
1 - 32% - 35% - 14:08
2 - 30% - 33% - 13:15
3 - 24% - 22% - 10:30
4 - 13% - 10% - 5:51
Normal Defense
1 - 35% - 37% - 15:10
2 - 33% - 36% - 14:22
3 - 27% - 27% - 11:42
4 - 6% - 0% - 2:30
PP Forward
1 - 48% - 53% - 4:47
2 - 52% - 47% - 5:08
PP Defense
1 - 46% - 56% - 4:32
2 - 54% - 44% - 5:23
PK Forward
1 - 67% - 60% - 3:58
2 - 33% - 40% - 1:59
PK Defense
1 - 42% - 53% - 2:30
2 - 58% - 47% - 3:27
PK3 Forward
1 - 0% - 55%
2 - 0% - 45%
PK3 Defense
1 - 0% - 52%
2 - 0% - 48%
44 Forward
1 - 0% - 51%
2 - 0% - 49%
44 Defense
1 - 0% - 52%
2 - 0% - 48%
Last Minute Offensive  - 0:00
Last Minute Defensive  - 0:24
Total
Forward - 60:00
Defense - 60:00

% Time on Ice - TEXAS TOROS

Lines # - Real PCT - Wanted PCT - Time Play
Normal Forward
1 - 36% - 36% - 15:39
2 - 28% - 31% - 12:17
3 - 18% - 23% - 8:02
4 - 17% - 10% - 7:36
Normal Defense
1 - 35% - 36% - 15:25
2 - 31% - 31% - 13:29
3 - 31% - 23% - 13:42
4 - 2% - 10% - 0:58
PP Forward
1 - 47% - 55% - 2:49
2 - 53% - 45% - 3:08
PP Defense
1 - 45% - 55% - 2:41
2 - 55% - 45% - 3:16
PK Forward
1 - 60% - 55% - 5:59
2 - 40% - 45% - 3:56
PK Defense
1 - 46% - 55% - 4:31
2 - 54% - 45% - 5:24
PK3 Forward
1 - 0% - 55%
2 - 0% - 45%
PK3 Defense
1 - 0% - 55%
2 - 0% - 45%
44 Forward
1 - 0% - 55%
2 - 0% - 45%
44 Defense
1 - 0% - 55%
2 - 0% - 45%
Last Minute Offensive  - 0:34
Last Minute Defensive  - 0:00
Total
Forward - 60:00
Defense - 60:00

Play-by-Play

1st period


0:01 of 1st period - Logan Cooley wins face-off versus Jonathan Drouin in neutral zone.
0:14 of 1st period - Shot by Troy Terry.
0:14 of 1st period - Stopped by Filip Gustavsson without a rebound.
0:15 of 1st period - Ryan Poehling wins face-off versus Connor McMichael in VANCOUVER VOODOO zone.
0:20 of 1st period - Shot by Ryan Poehling.
0:20 of 1st period - Stopped by Filip Gustavsson with a rebound.
1:43 of 1st period - Shot by Nicolas Roy.
1:43 of 1st period - Stopped by Adin Hill with a rebound.
1:45 of 1st period - Shot by Jordan Greenway.
1:45 of 1st period - Stopped by Adin Hill without a rebound.
1:46 of 1st period - William Karlsson wins face-off versus Danton Heinen in TEXAS TOROS zone.
1:56 of 1st period - Off-side.
1:57 of 1st period - Taylor Raddysh wins face-off versus Alex Newhook in neutral zone.
1:57 of 1st period - Logan Cooley is hit by Noel Acciari and loses puck.
2:23 of 1st period - Shot by Owen Tippett.
2:23 of 1st period - Shot Blocked by Owen Power.
3:03 of 1st period - Shot by Miles Wood.
3:03 of 1st period - Stopped by Filip Gustavsson without a rebound.
3:04 of 1st period - Connor McMichael wins face-off versus Danton Heinen in VANCOUVER VOODOO zone.
3:04 of 1st period - Connor McMichael is hit by Bobby Brink.
3:11 of 1st period - Minor Penalty to Isaak Phillips for Hooking.
3:12 of 1st period - Joe Pavelski wins face-off versus Ryan Poehling in TEXAS TOROS zone.
4:21 of 1st period - Icing by Jared McCann.
4:22 of 1st period - Jared McCann wins face-off versus Ryan Poehling in VANCOUVER VOODOO zone.
5:46 of 1st period - Dougie Hamilton is hit by Nicolas Roy and loses puck.
6:31 of 1st period - Shot by Jonathan Drouin.
6:31 of 1st period - Shot Misses the Net.
6:33 of 1st period - Shot by Aaron Ekblad.
6:33 of 1st period - Shot Misses the Net.
7:10 of 1st period - Chris Tanev is hit by Trevor Zegras.
7:19 of 1st period - Joe Pavelski is hit by Dougie Hamilton and loses puck.
7:46 of 1st period - Icing by Troy Terry.
7:47 of 1st period - Alex Newhook wins face-off versus Logan Cooley in TEXAS TOROS zone.
8:02 of 1st period - Noel Acciari is hit by Declan Chisholm and loses puck.
8:20 of 1st period - Troy Terry is hit by Radko Gudas and loses puck.
8:44 of 1st period - Icing by Cameron York.
8:45 of 1st period - Alex Newhook wins face-off versus Ryan Poehling in VANCOUVER VOODOO zone.
8:47 of 1st period - Icing by Noel Acciari.
8:48 of 1st period - Alex Newhook wins face-off versus Danton Heinen in VANCOUVER VOODOO zone.
8:50 of 1st period - Icing by Owen Tippett.
8:51 of 1st period - Alex Newhook wins face-off versus Danton Heinen in VANCOUVER VOODOO zone.
9:01 of 1st period - Icing by Nate Schmidt.
9:02 of 1st period - William Karlsson wins face-off versus Danton Heinen in TEXAS TOROS zone.
9:03 of 1st period - Shot by Jonathan Drouin.
9:03 of 1st period - Stopped by Adin Hill without a rebound.
9:04 of 1st period - William Karlsson wins face-off versus Ryan Poehling in TEXAS TOROS zone.
9:05 of 1st period - Shot by Torey Krug.
9:05 of 1st period - Shot Blocked by Ryan Poehling.
9:07 of 1st period - Shot by Jonathan Drouin.
9:07 of 1st period - Stopped by Adin Hill without a rebound.
9:08 of 1st period - Danton Heinen wins face-off versus William Karlsson in TEXAS TOROS zone.
10:57 of 1st period - Icing by Jared McCann.
10:58 of 1st period - Logan Cooley wins face-off versus Connor McMichael in VANCOUVER VOODOO zone.
11:07 of 1st period - Shot by Logan Cooley.
11:07 of 1st period - Stopped by Filip Gustavsson with a rebound.
11:29 of 1st period - Shot by Nicolas Roy.
11:29 of 1st period - Stopped by Adin Hill without a rebound.
11:30 of 1st period - William Karlsson wins face-off versus Danton Heinen in TEXAS TOROS zone.
11:41 of 1st period - Shot by William Karlsson.
11:41 of 1st period - Stopped by Adin Hill without a rebound.
11:42 of 1st period - Ryan Poehling wins face-off versus Jordan Greenway in TEXAS TOROS zone.
11:42 of 1st period - Ryan Poehling is hit by Jordan Greenway.
11:58 of 1st period - Ryan Poehling is hit by Jordan Greenway and loses puck.
12:32 of 1st period - Ryan Poehling is hit by Jordan Greenway and loses puck.
12:53 of 1st period - Icing by Tyson Foerster.
12:54 of 1st period - Connor McMichael wins face-off versus Ryan Poehling in TEXAS TOROS zone.
13:12 of 1st period - Icing by Ryan Poehling.
13:13 of 1st period - Ryan Poehling wins face-off versus William Karlsson in TEXAS TOROS zone.
13:54 of 1st period - Shot by Jonathan Drouin.
13:54 of 1st period - Shot Blocked by Declan Chisholm.
13:56 of 1st period - Shot by Aaron Ekblad.
13:56 of 1st period - Shot Blocked by Owen Power.
14:15 of 1st period - Icing by Declan Chisholm.
14:16 of 1st period - Connor McMichael wins face-off versus Logan Cooley in TEXAS TOROS zone.
14:23 of 1st period - Shot by Jared McCann.
14:23 of 1st period - Shot Misses the Net.
14:25 of 1st period - Shot by Joe Pavelski.
14:25 of 1st period - Stopped by Adin Hill without a rebound.
14:26 of 1st period - Connor McMichael wins face-off versus Bobby Brink in TEXAS TOROS zone.
14:29 of 1st period - Shot by Joe Pavelski.
14:29 of 1st period - Stopped by Adin Hill without a rebound.
14:30 of 1st period - Connor McMichael wins face-off versus Danton Heinen in TEXAS TOROS zone.
14:56 of 1st period - Minor Penalty to Damon Severson for Roughing.
14:57 of 1st period - Nick Bonino wins face-off versus Logan Cooley in VANCOUVER VOODOO zone.
15:57 of 1st period - Shot by Tyson Foerster.
15:57 of 1st period - Shot Misses the Net.
15:59 of 1st period - Shot by Tyson Foerster.
15:59 of 1st period - Stopped by Filip Gustavsson without a rebound.
16:00 of 1st period - Nicolas Roy wins face-off versus Tyson Foerster in VANCOUVER VOODOO zone.
16:24 of 1st period - Shot by Danton Heinen.
16:24 of 1st period - Shot Misses the Net.
16:31 of 1st period - Icing by Isaak Phillips.
16:32 of 1st period - Nicolas Roy wins face-off versus Danton Heinen in TEXAS TOROS zone.
17:04 of 1st period - Kevin Hayes is hit by Joe Pavelski and loses puck.
17:11 of 1st period - Shot by William Smith.
17:11 of 1st period - Deflect By Trevor Zegras.
17:11 of 1st period - Shot Blocked by Cameron York.
17:13 of 1st period - Shot by Philip Broberg.
17:13 of 1st period - Stopped by Filip Gustavsson with a rebound.
17:32 of 1st period - Trevor Zegras is hit by Radko Gudas.
17:41 of 1st period - Icing by Cameron York.
17:42 of 1st period - Logan Cooley wins face-off versus Connor McMichael in VANCOUVER VOODOO zone.
18:07 of 1st period - Shot by Logan Cooley.
18:07 of 1st period - Stopped by Filip Gustavsson without a rebound.
18:08 of 1st period - William Karlsson wins face-off versus Bobby Brink in VANCOUVER VOODOO zone.
18:27 of 1st period - Shot by William Karlsson.
18:27 of 1st period - Stopped by Adin Hill without a rebound.
18:28 of 1st period - Nick Bonino wins face-off versus Logan Cooley in TEXAS TOROS zone.
18:53 of 1st period - Shot by Logan Cooley.
18:53 of 1st period - Shot Blocked by Aaron Ekblad.
18:55 of 1st period - Shot by Logan Cooley.
18:55 of 1st period - Shot Misses the Net.
19:05 of 1st period - Shot by Troy Terry.
19:05 of 1st period - Deflect By Logan Cooley.
19:05 of 1st period - Shot Misses the Net.
19:33 of 1st period - Minor Penalty to Ryan Poehling for Tripping.
19:34 of 1st period - William Smith wins face-off versus William Karlsson in TEXAS TOROS zone.
Goals for this period are 0 for VANCOUVER VOODOO vs 0 for TEXAS TOROS.
Shots for this period are 9 for VANCOUVER VOODOO vs 7 for TEXAS TOROS.

2nd period


0:01 of 2nd period - William Karlsson wins face-off versus William Smith in neutral zone.
0:27 of 2nd period - Shot by William Karlsson.
0:27 of 2nd period - Stopped by Adin Hill without a rebound.
0:28 of 2nd period - William Smith wins face-off versus Jared McCann in TEXAS TOROS zone.
1:39 of 2nd period - Shot by Nicolas Roy.
1:39 of 2nd period - Shot Misses the Net.
1:41 of 2nd period - Shot by Damon Severson.
1:41 of 2nd period - Shot Misses the Net.
2:23 of 2nd period - Yegor Chinakhov is hit by Radko Gudas and loses puck.
2:40 of 2nd period - Shot by Jonathan Drouin.
2:40 of 2nd period - Stopped by Adin Hill with a rebound.
2:46 of 2nd period - Shot by William Karlsson.
2:46 of 2nd period - Stopped by Adin Hill with a rebound.
2:48 of 2nd period - Shot by William Karlsson.
2:48 of 2nd period - Deflect By Jonathan Drouin.
2:48 of 2nd period - Stopped by Adin Hill without a rebound.
2:49 of 2nd period - Logan Cooley wins face-off versus Connor McMichael in TEXAS TOROS zone.
2:56 of 2nd period - Shot by Logan Cooley.
2:56 of 2nd period - Stopped by Filip Gustavsson with a rebound.
2:58 of 2nd period - Shot by Owen Power.
2:58 of 2nd period - Shot Blocked by Torey Krug.
3:23 of 2nd period - Minor Penalty to Declan Chisholm for Hooking.
3:24 of 2nd period - William Karlsson wins face-off versus Danton Heinen in TEXAS TOROS zone.
3:36 of 2nd period - Shot by Rickard Rakell.
3:36 of 2nd period - Shot Misses the Net.
4:22 of 2nd period - Shot by Owen Tippett.
4:22 of 2nd period - Shot Misses the Net.
4:24 of 2nd period - Shot by Aaron Ekblad.
4:24 of 2nd period - Stopped by Adin Hill without a rebound.
4:25 of 2nd period - Ryan Poehling wins face-off versus Jared McCann in TEXAS TOROS zone.
5:27 of 2nd period - Shot by Jordan Greenway.
5:27 of 2nd period - Shot Misses the Net.
5:29 of 2nd period - Shot by Jordan Greenway.
5:29 of 2nd period - Stopped by Adin Hill with a rebound.
5:35 of 2nd period - Shot by Nicolas Roy.
5:35 of 2nd period - Stopped by Adin Hill without a rebound.
5:36 of 2nd period - Kevin Hayes wins face-off versus Nick Bonino in TEXAS TOROS zone.
5:36 of 2nd period - Kevin Hayes is hit by Jordan Greenway.
6:02 of 2nd period - Trevor Zegras is hit by Chris Tanev and loses puck.
6:11 of 2nd period - Shot by Kevin Hayes.
6:11 of 2nd period - Shot Misses the Net.
6:51 of 2nd period - Shot by Logan Cooley.
6:51 of 2nd period - Shot Misses the Net.
6:53 of 2nd period - Shot by Owen Power.
6:53 of 2nd period - Deflect By Logan Cooley.
6:53 of 2nd period - Stopped by Filip Gustavsson without a rebound.
6:54 of 2nd period - Alex Newhook wins face-off versus Danton Heinen in VANCOUVER VOODOO zone.
7:23 of 2nd period - Shot by Danton Heinen.
7:23 of 2nd period - Deflect By Miles Wood.
7:23 of 2nd period - Shot Misses the Net.
7:47 of 2nd period - Off-side.
7:48 of 2nd period - Ryan Poehling wins face-off versus William Karlsson in neutral zone.
8:23 of 2nd period - Icing by Jonathan Drouin.
8:24 of 2nd period - William Karlsson wins face-off versus Logan Cooley in VANCOUVER VOODOO zone.
9:41 of 2nd period - Shot by Danton Heinen.
9:41 of 2nd period - Shot Misses the Net.
9:43 of 2nd period - Shot by Miles Wood.
9:43 of 2nd period - Shot Misses the Net.
9:45 of 2nd period - Shot by Isaak Phillips.
9:45 of 2nd period - Shot Misses the Net.
9:47 of 2nd period - Shot by Danton Heinen.
9:47 of 2nd period - Shot Misses the Net.
10:37 of 2nd period - Shot by Tyson Foerster.
10:37 of 2nd period - Stopped by Filip Gustavsson without a rebound.
10:38 of 2nd period - Alex Newhook wins face-off versus Logan Cooley in VANCOUVER VOODOO zone.
11:50 of 2nd period - Shot by Nick Bonino.
11:50 of 2nd period - Goal by Nick Bonino - VANCOUVER VOODOO : 1 - TEXAS TOROS : 0.
11:51 of 2nd period - William Karlsson wins face-off versus Ryan Poehling in neutral zone.
11:51 of 2nd period - Jonathan Drouin is hit by Tyson Foerster and loses puck.
11:52 of 2nd period - Minor Penalty to Tyson Foerster for High sticking.
11:53 of 2nd period - William Karlsson wins face-off versus Ryan Poehling in TEXAS TOROS zone.
12:08 of 2nd period - Shot by Rickard Rakell.
12:08 of 2nd period - Stopped by Adin Hill with a rebound.
14:18 of 2nd period - Minor Penalty to Philip Broberg for Hooking.
14:19 of 2nd period - William Karlsson wins face-off versus Ryan Poehling in TEXAS TOROS zone.
14:19 of 2nd period - William Karlsson is hit by Isaak Phillips.
15:03 of 2nd period - Shot by Jonathan Drouin.
15:03 of 2nd period - Shot Blocked by Nate Schmidt.
15:05 of 2nd period - Shot by Jared McCann.
15:05 of 2nd period - Stopped by Adin Hill without a rebound.
15:06 of 2nd period - Ryan Poehling wins face-off versus Jared McCann in TEXAS TOROS zone.
15:17 of 2nd period - Shot by Jonathan Drouin.
15:17 of 2nd period - Stopped by Adin Hill without a rebound.
15:18 of 2nd period - Jared McCann wins face-off versus Danton Heinen in TEXAS TOROS zone.
16:52 of 2nd period - Shot by Jordan Greenway.
16:52 of 2nd period - Deflect By Nicolas Roy.
16:52 of 2nd period - Shot Misses the Net.
17:29 of 2nd period - Shot by Jonathan Drouin.
17:29 of 2nd period - Shot Misses the Net.
17:31 of 2nd period - Shot by Rickard Rakell.
17:31 of 2nd period - Shot Misses the Net.
17:33 of 2nd period - Shot by Aaron Ekblad.
17:33 of 2nd period - Stopped by Adin Hill without a rebound.
17:34 of 2nd period - Connor McMichael wins face-off versus Logan Cooley in TEXAS TOROS zone.
17:45 of 2nd period - Shot by Joe Pavelski.
17:45 of 2nd period - Shot Misses the Net.
17:47 of 2nd period - Shot by Chris Tanev.
17:47 of 2nd period - Stopped by Adin Hill without a rebound.
17:48 of 2nd period - Noel Acciari wins face-off versus Ryan Poehling in TEXAS TOROS zone.
17:59 of 2nd period - Shot by Noel Acciari.
17:59 of 2nd period - Shot Misses the Net.
18:07 of 2nd period - Shot by Yegor Chinakhov.
18:07 of 2nd period - Shot Blocked by Cameron York.
18:15 of 2nd period - Shot by Ryan Poehling.
18:15 of 2nd period - Shot Misses the Net.
18:33 of 2nd period - Icing by Radko Gudas.
18:34 of 2nd period - Alex Newhook wins face-off versus Logan Cooley in VANCOUVER VOODOO zone.
18:34 of 2nd period - Alex Newhook is hit by Logan Cooley.
18:40 of 2nd period - Isaak Phillips is hit by Noel Acciari.
Goals for this period are 1 for VANCOUVER VOODOO vs 0 for TEXAS TOROS.
Shots for this period are 13 for VANCOUVER VOODOO vs 3 for TEXAS TOROS.

3rd period


0:01 of 3rd period - Connor McMichael wins face-off versus Logan Cooley in neutral zone.
1:43 of 3rd period - Shot by Tyson Foerster.
1:43 of 3rd period - Shot Misses the Net.
1:45 of 3rd period - Shot by Ryan Poehling.
1:45 of 3rd period - Stopped by Filip Gustavsson with a rebound.
1:47 of 3rd period - Shot by Ryan Poehling.
1:47 of 3rd period - Stopped by Filip Gustavsson without a rebound.
1:48 of 3rd period - Nick Bonino wins face-off versus Danton Heinen in VANCOUVER VOODOO zone.
2:49 of 3rd period - Shot by Joe Pavelski.
2:49 of 3rd period - Stopped by Adin Hill without a rebound.
2:50 of 3rd period - Alex Newhook wins face-off versus Ryan Poehling in TEXAS TOROS zone.
3:07 of 3rd period - Owen Tippett is hit by Nate Schmidt and loses puck.
3:47 of 3rd period - Icing by Connor McMichael.
3:48 of 3rd period - Logan Cooley wins face-off versus Connor McMichael in VANCOUVER VOODOO zone.
3:56 of 3rd period - Shot by Troy Terry.
3:56 of 3rd period - Stopped by Filip Gustavsson without a rebound.
3:57 of 3rd period - Connor McMichael wins face-off versus Logan Cooley in VANCOUVER VOODOO zone.
4:21 of 3rd period - Connor McMichael is hit by Declan Chisholm and loses puck.
4:27 of 3rd period - Logan Cooley is hit by Connor McMichael and loses puck.
4:54 of 3rd period - Shot by Danton Heinen.
4:54 of 3rd period - Shot Misses the Net.
4:58 of 3rd period - Shot by Danton Heinen.
4:58 of 3rd period - Stopped by Filip Gustavsson without a rebound.
4:59 of 3rd period - William Karlsson wins face-off versus Tyson Foerster in VANCOUVER VOODOO zone.
5:22 of 3rd period - Icing by Torey Krug.
5:23 of 3rd period - William Karlsson wins face-off versus Danton Heinen in VANCOUVER VOODOO zone.
5:23 of 3rd period - William Karlsson is hit by Bobby Brink.
5:38 of 3rd period - Rickard Rakell is hit by Dougie Hamilton and loses puck.
5:45 of 3rd period - Shot by William Karlsson.
5:45 of 3rd period - Stopped by Adin Hill without a rebound.
5:46 of 3rd period - Nick Bonino wins face-off versus Logan Cooley in TEXAS TOROS zone.
6:03 of 3rd period - Shot by Jordan Greenway.
6:03 of 3rd period - Stopped by Adin Hill without a rebound.
6:04 of 3rd period - Ryan Poehling wins face-off versus Connor McMichael in TEXAS TOROS zone.
6:13 of 3rd period - Shot by Tyson Foerster.
6:13 of 3rd period - Shot Misses the Net.
6:15 of 3rd period - Shot by Owen Power.
6:15 of 3rd period - Stopped by Filip Gustavsson with a rebound.
6:31 of 3rd period - Shot by Tyson Foerster.
6:31 of 3rd period - Stopped by Filip Gustavsson without a rebound.
6:32 of 3rd period - Logan Cooley wins face-off versus William Karlsson in VANCOUVER VOODOO zone.
6:33 of 3rd period - Shot by Troy Terry.
6:33 of 3rd period - Shot Misses the Net.
7:20 of 3rd period - Shot by William Karlsson.
7:20 of 3rd period - Shot Misses the Net.
8:01 of 3rd period - Shot by Joe Pavelski.
8:01 of 3rd period - Deflect By Jared McCann.
8:01 of 3rd period - Stopped by Adin Hill without a rebound.
8:02 of 3rd period - Ryan Poehling wins face-off versus Jordan Greenway in TEXAS TOROS zone.
8:02 of 3rd period - Ryan Poehling is hit by Nicolas Roy.
8:38 of 3rd period - Shot by Nicolas Roy.
8:38 of 3rd period - Stopped by Adin Hill with a rebound.
9:10 of 3rd period - Shot by Danton Heinen.
9:10 of 3rd period - Shot Misses the Net.
9:14 of 3rd period - Shot by Miles Wood.
9:14 of 3rd period - Deflect By Danton Heinen.
9:14 of 3rd period - Stopped by Filip Gustavsson without a rebound.
9:15 of 3rd period - Kevin Hayes wins face-off versus Connor McMichael in VANCOUVER VOODOO zone.
9:22 of 3rd period - Shot by Kevin Hayes.
9:22 of 3rd period - Shot Misses the Net.
9:39 of 3rd period - Shot by Dougie Hamilton.
9:39 of 3rd period - Stopped by Filip Gustavsson without a rebound.
9:40 of 3rd period - William Karlsson wins face-off versus Danton Heinen in VANCOUVER VOODOO zone.
9:40 of 3rd period - William Karlsson is hit by Miles Wood.
10:29 of 3rd period - Minor Penalty to Torey Krug for Hooking.
10:30 of 3rd period - Nick Bonino wins face-off versus Logan Cooley in VANCOUVER VOODOO zone.
10:30 of 3rd period - Nick Bonino is hit by Troy Terry.
10:37 of 3rd period - Icing by Troy Terry.
10:38 of 3rd period - Nick Bonino wins face-off versus Logan Cooley in TEXAS TOROS zone.
10:49 of 3rd period - Shot by Logan Cooley.
10:49 of 3rd period - Shot Blocked by Nick Bonino.
10:51 of 3rd period - Shot by Philip Broberg.
10:51 of 3rd period - Shot Misses the Net.
12:40 of 3rd period - Shot by Kevin Hayes.
12:40 of 3rd period - Shot Blocked by Joe Pavelski.
13:29 of 3rd period - Icing by Isaak Phillips.
13:30 of 3rd period - William Karlsson wins face-off versus Logan Cooley in TEXAS TOROS zone.
13:47 of 3rd period - Shot by William Karlsson.
13:47 of 3rd period - Deflect By Jonathan Drouin.
13:47 of 3rd period - Stopped by Adin Hill without a rebound.
13:48 of 3rd period - Ryan Poehling wins face-off versus Nick Bonino in TEXAS TOROS zone.
14:25 of 3rd period - Cameron York is hit by Ryan Poehling and loses puck.
14:49 of 3rd period - William Karlsson is hit by Isaak Phillips and loses puck.
14:55 of 3rd period - Jonathan Drouin is hit by Isaak Phillips.
14:58 of 3rd period - Rickard Rakell is hit by Isaak Phillips and loses puck.
15:11 of 3rd period - Shot by William Karlsson.
15:11 of 3rd period - Stopped by Adin Hill with a rebound.
15:21 of 3rd period - Icing by Troy Terry.
15:22 of 3rd period - Logan Cooley wins face-off versus Jared McCann in TEXAS TOROS zone.
15:49 of 3rd period - Shot by Connor McMichael.
15:49 of 3rd period - Stopped by Adin Hill with a rebound.
15:52 of 3rd period - Minor Penalty to Joe Pavelski for Hooking.
15:53 of 3rd period - Nick Bonino wins face-off versus Danton Heinen in VANCOUVER VOODOO zone.
15:53 of 3rd period - Nick Bonino is hit by Danton Heinen.
17:33 of 3rd period - Shot by Tyson Foerster.
17:33 of 3rd period - Shot Misses the Net.
17:35 of 3rd period - Shot by Philip Broberg.
17:35 of 3rd period - Stopped by Filip Gustavsson without a rebound.
17:36 of 3rd period - Nick Bonino wins face-off versus Danton Heinen in VANCOUVER VOODOO zone.
18:06 of 3rd period - Damon Severson is hit by Kevin Hayes and loses puck.
19:01 of 3rd period - TEXAS TOROS, Adin Hill is pulled from the net.
19:19 of 3rd period - Shot by Danton Heinen.
19:19 of 3rd period - Shot Misses the Net.
19:21 of 3rd period - Shot by Isaak Phillips.
19:21 of 3rd period - Stopped by Filip Gustavsson without a rebound.
19:22 of 3rd period - Logan Cooley wins face-off versus Nick Bonino in VANCOUVER VOODOO zone.
19:45 of 3rd period - Shot by Jordan Greenway.
19:45 of 3rd period - Goal by Jordan Greenway - VANCOUVER VOODOO : 2 - TEXAS TOROS : 0.
19:45 of 3rd period - Adin Hill from TEXAS TOROS was sent back in the game.
19:46 of 3rd period - Ryan Poehling wins face-off versus William Karlsson in neutral zone.
Goals for this period are 1 for VANCOUVER VOODOO vs 0 for TEXAS TOROS.
Shots for this period are 9 for VANCOUVER VOODOO vs 10 for TEXAS TOROS.


MATTHEW
TKACHUK
TOM
WILSON
JAKE
GUENTZEL